 Dungeon Crawl Stone Soup version 0.26-a0-611-g354ed81502 (webtiles) character file.

Game seed: 11520720237404016362

0 Descartes the Sneak (level 1, -1/10 HPs)
             Began as a Felid Delver on Sept 5, 2020.
             Slain by an orc zombie (2 damage)
             ... in an ossuary.
             The game lasted 00:00:28 (65 turns).

Descartes the Sneak (Felid Delver)                    Turns: 65, Time: 00:00:29

Health: -1/10      AC:  1    Str:  8    XL:     1   Next: 8%
Magic:  2/2        EV: 18    Int: 11    God:
Gold:   13         SH:  0    Dex: 17    Spells: 0/0 levels left
                                        Lives:  0   Deaths: 0

rFire    . . .     SeeInvis +     - Unarmed
rCold    . . .     Faith    .   (shield unavailable)
rNeg     . . .     Spirit   .   (armour unavailable)
rPois    .         Reflect  .   (helmet unavailable)
rElec    .         Harm     .   (cloak unavailable)
rCorr    .                      (gloves unavailable)
MR       .....                  (boots unavailable)
Stlth    ++++......             (no amulet)
HPRegen  0.03/turn              (no ring)
MPRegen  0.08/turn              (no ring)

@: quick
A: very small, no armour, no weapons or thrown items, stealth, claws 1, fangs 3,
see invisible, speed 1, shaggy fur 1, sharp paws
a: no special abilities


You were in an ossuary.
You visited 1 branch of the dungeon, and saw 1 of its levels.
You also visited: Ossuary.

You collected 13 gold pieces.

Inventory:

Wands
 e - a wand of digging (3)
Scrolls
 a - a scroll of fog
 c - a scroll of fear
 f - a scroll of noise {unknown}
Potions
 d - a potion of haste


   Skills:
 - Level 3.0 Fighting
 - Level 2.6 Dodging
 + Level 6.6 Stealth
 - Level 2.0 Unarmed Combat


You couldn't memorise any spells.
You didn't know any spells.
Your spell library was empty.

Dungeon Overview and Level Annotations

Branches:
Dungeon (5/15)            Ossuary (1/1)
 Temple: D:4-7

Altars:


Innate Abilities, Weirdness & Mutations

You cannot wear armour.
You are incapable of wielding weapons or throwing items.
Your paws allow you to move quietly. (Stealth)
You have sharp claws.
You have razor-sharp teeth.
You have supernaturally acute eyesight. (SInv)
You cover ground quickly.
You are covered in fur. (AC +1)
Your sharp claws are effective at attacking unaware monsters.


Message History

The hobgoblin zombie is almost destroyed.
The hobgoblin zombie hits you. The orc zombie hits you.
* * * LOW HITPOINT WARNING * * *
You are too injured to fight recklessly!
You are too injured to fight recklessly!
You are too injured to fight recklessly!
You are too injured to fight recklessly!
You are too injured to fight recklessly!
You claw the hobgoblin zombie!
You destroy the hobgoblin zombie!
The orc zombie closely misses you.
There is an empty arch of ancient stone here.
There is a gate leading back out of this place here.
You scratch the orc zombie but do no damage.
The orc zombie hits you.
* * * LOW HITPOINT WARNING * * *
You scratch the orc zombie.
The orc zombie is severely damaged.
The orc zombie hits you.
You die...

###################
.......@Z.Z.......#
........Z.........#
.##############...#
#...# #...# #Z..#
#Z.Z# #...# #...#


You could see 3 orc zombies.

Vanquished Creatures
  A hobgoblin zombie (Ossuary)
1 creature vanquished.

Notes
Turn   | Place    | Note
-------+----------+-------------------------------------------
     0 | D:5      | Descartes the Felid Delver began the quest for the Orb.
     0 | D:5      | Reached XP level 1. HP: 10/10 MP: 2/2
    31 | D:5      | Found a sand-covered staircase.
    38 | Ossuary  | Entered an ossuary
    65 | Ossuary  | Slain by an orc zombie

Illustrated notes

Levels and vault maps discovered:
D:5:      layout_gridville, eat_drink_and_be_merry_uskayaw, enter_ossuary_1
Ossuary:  ossuary_tomb_1

Action                   || total
-------------------------++-------
Melee: Unarmed           ||     6
       Bite              ||     1
  Use: Scroll            ||     1
Dodge: Dodged            ||     3

Table legend: (Time is in decaauts)
 A = Elapsed time spent in this place.
 B = Non-inter-level travel time spent in this place.
 C = Inter-level travel time spent in this place.
 D = Time resting spent in this place.
 E = Time spent auto-exploring this place.
 F = Levels seen in this place.
 G = Mean time per level.
                   A        B        C        D        E       F      G
               +--------+--------+--------+--------+--------+-----+--------+
         Total |     54 |     54 |      0 |      0 |      8 |   2 |   27.0 |
       Dungeon |     31 |     31 |      0 |      0 |      5 |   1 |   31.0 |
       Ossuary |     23 |     23 |      0 |      0 |      2 |   1 |   23.0 |
               +--------+--------+--------+--------+--------+-----+--------+

Top non-repeatable levels by time:
     D:5: 31 daAuts
 Ossuary: 23 daAuts
